Description

Goblin's build vs Cham at WCS Spring Kiev 2019

Replay - Cham v goblin: Game 2 - King's Cove LE

Build Order

Get SALT Encoding   

  12  0:00  Probe  
  13  0:12  Probe  
  14  0:18  Pylon  
  14  0:24  Probe  
  15  0:32  Probe  
  15  0:39  Gateway  
  15  0:40  Probe  
  16  0:47  Assimilator  
  17  0:51  Probe  
  18  1:03  Probe  
  19  1:21  Nexus  
  19  1:25  Probe  
  20  1:35  Cybernetics Core  
  20  1:38  Probe  
  21  1:45  Assimilator  
  21  1:50  Probe  
  22  1:54  Pylon  
  22  2:02  Stalker  
  26  2:17  Robotics Facility  
  27  2:26  Warp Gate  
  29  2:37  Adept  
  34  2:57  Immortal  
  42  3:18  Twilight Council  
  43  3:24  Pylon  
  43  3:26  Warp Prism  
  44  3:39  Gateway  
  48  3:49  Pylon  
  48  3:54  Dark Shrine, Immortal  
  50  4:09  Gateway x2  
  54  4:21  Pylon  
  54  4:22  Assimilator x2  
  54  4:25  Zealot  
  58  4:33  Adept  
  58  4:37  Observer  
  62  4:52  Nexus  
  66  5:17  Charge, Dark Templar x4  
  76  5:38  Immortal  
  82  5:50  Zealot x2  
  85  6:12  Zealot x3  
  85  6:16  Immortal  
  91  6:22  Observer  
  93  6:28  Gateway x2  
  96  6:38  Sentry x3  
  100  6:48  Observer  
  108  7:12  Zealot x4, Immortal  
  121  7:26  Stargate x2  
  121  7:38  Gateway x3  
  121  7:41  Archon  
  121  7:44  Dark Templar  
  123  7:45  Gateway  
  123  7:52  Archon  
  123  7:57  Sentry x3  
Spawning Tool Build Advisor. Get it on Overwolf

Go to:

Details

  • Created by: dil1gh7
  • Published on: May 20, 2019
  • Modified on: May 20, 2019
  • Patch: 4.7.1
Show
View Real Time Build Order
Export as new Build Order

Comments (0)

There are no comments. Be the first!

Create an account to comment!